[Event "Titled Tuesday Blitz April 11 Late 2023"]
[White "Rose, Felix"]
[Black "Torres Dominguez, David"]
[WhiteFideId "5105722"]
[BlackFideId "2220857"]
[WhiteElo "2039"]
[BlackElo "1999"]
[Result "1/2-1/2"]
[Round "08"]
[TimeControl "180+2"]
[Date "2023.04.11"]
[WhiteClock "0:00:19"]
[BlackClock "0:00:14"]

1. e4 Nc6 2. Nf3 e5 3. Bb5 Nge7 4. O-O g6 5. d4 exd4 6. Nxd4 Bg7 7. Be3 O-O 8. Nc3 d5 9. Nxd5 Nxd5 10. exd5 Qxd5 11. Bxc6 bxc6 12. c3 Bb7 13. Nf3 Rfd8 14. Qb3 Qb5 15. Bd4 Ba6 16. Rfe1 c5 17. Qxb5 Bxb5 18. Bxc5 Bc6 19. Nd4 Bd5 20. Re7 c6 21. Rxa7 Rxa7 22. Bxa7 Ra8 23. Bc5 Rxa2 24. Rxa2 Bxa2 25. Nxc6 f5 26. Bd4 Bf8 27. f3 Kf7 28. b4 Ke6 29. Kf2 Kd6 30. b5 Bc4 31. Na7 Kc7 32. b6+ Kb7 33. Ke3 Bd6 34. g3 Bb8 35. Bc5 g5 36. Kd4 Be2 37. Ke3 Bc4 38. Bd4 f4+ 39. gxf4 Bxf4+ 40. Ke4 Bxh2 41. Kf5 Bf4 42. Kg4 Be2 43. Bf2 h5+ 44. Kxh5 Bxf3+ 45. Kg6 Be2 46. Kf5 Bb8 47. Bd4 Bxa7 48. bxa7 Bc4 49. Kxg5 Bb5 50. Kf6 Bc6 51. Ke7 Be4 52. Kd6 Bf3 53. Be3 Bg2 54. Ke5 Bf3 55. Bf2 Bh1 56. Kd6 Bg2 57. c4 Bh1 58. Be3 Bg2 59. Bd4 Bh1 60. Ke5 Bg2 61. Kf4 Bh1 62. Ke3 Bc6 63. Kd2 Bh1 64. Kc3 Bc6 65. Kb4 Bh1 66. Kb5 Bc6+ 67. Ka5 Bh1 68. Bb6 Bc6 69. c5 Bh1 70. Kb4 Bc6 71. Kc4 Bh1 72. Kd4 Bc6 73. Ke5 Bh1 74. Kd6 Bg2 75. Kd7 Bc6+ 76. Kd8 Bh1 77. Ke7 Bg2 78. Kd6 Bh1 79. c6+ Bxc6 80. a8=Q+ Kxa8 1/2-1/2


[Site "https://www.chess.com"]

[Event "Titled Tuesday Blitz April 11 Late 2023"]
[White "Kohler, Aran"]
[Black "Steenbekkers, Franck"]
[WhiteFideId "1002856"]
[BlackFideId "1004220"]
[WhiteElo "2010"]
[BlackElo "2164"]
[Result "0-1"]
[Round "08"]
[TimeControl "180+2"]
[Date "2023.04.11"]
[WhiteClock "0:00:02"]
[BlackClock "0:00:18"]

1. Nf3 Nf6 2. d4 g6 3. Bg5 Bg7 4. Nbd2 d5 5. e3 O-O 6. Bd3 c5 7. c3 Nc6 8. Qe2 b6 9. Ne5 Bb7 10. f4 Nxe5 11. fxe5 Ne4 12. h4 Ng3 13. Qf3 Nxh1 14. O-O-O f6 15. exf6 exf6 16. Bf4 Rc8 17. Rxh1 Qe7 18. Kb1 g5 19. hxg5 fxg5 20. Bxh7+ Kh8 21. Bf5+ Kg8 22. Qh5 Rxf5 23. Qh7+ Kf8 24. Qxf5+ Qf6 25. Qxg5 Qxg5 26. Bxg5 Re8 27. Rf1+ Kg8 28. Nf3 Bc8 29. Bf4 Bf5+ 30. Kc1 Be4 31. Rf2 Rc8 32. Kd2 cxd4 33. exd4 b5 34. Ne5 b4 35. g3 bxc3+ 36. bxc3 Rb8 37. Ke2 Rc8 38. Bd2 Rb8 39. Ke3 Rb2 40. Ng4 Rxa2 41. Nf6+ Bxf6 42. Rxf6 a5 43. g4 a4 44. g5 Ra1 45. Ra6 a3 46. Kf4 a2 47. Be3 Rf1+ 48. Ke5 a1=Q 49. Rxa1 Rxa1 50. c4 Ra5 51. c5 Ra8 52. c6 Kf7 53. Kd6 Kg6 54. Kc7 Bf5 0-1


[Site "https://www.chess.com"]

[Event "Titled Tuesday Blitz April 11 Late 2023"]
[White "Souza Santos, Carlos Roberto"]
[Black "Kopacz, Grzegorz"]
[WhiteFideId "2150603"]
[BlackFideId "1109880"]
[WhiteElo "2064"]
[BlackElo "2037"]
[Result "0-1"]
[Round "08"]
[TimeControl "180+2"]
[Date "2023.04.11"]
[WhiteClock "0:00:27"]
[BlackClock "0:00:26"]

1. d4 Nf6 2. Bf4 d5 3. e3 c5 4. c3 b6 5. Nd2 e6 6. Ngf3 Nc6 7. Bb5 Bd7 8. h4 h5 9. Qe2 Be7 10. Bd3 Ng4 11. O-O-O c4 12. Bb1 b5 13. e4 b4 14. exd5 exd5 15. cxb4 O-O 16. Rhe1 Bxb4 17. Be5 Re8 18. Ng5 Ncxe5 19. dxe5 Rxe5 20. Qf3 Qf6 21. Nh7 Qxf3 22. gxf3 Rxe1 23. Rxe1 Nxf2 24. a3 Bd6 25. Ng5 Re8 0-1


[Site "https://www.chess.com"]

[Event "Titled Tuesday Blitz April 11 Late 2023"]
[White "Petrova, Irina"]
[Black "Qashashvili, Alexandre"]
[WhiteFideId "14124122"]
[BlackFideId "13600842"]
[WhiteElo "2084"]
[BlackElo "2405"]
[Result "1/2-1/2"]
[Round "08"]
[TimeControl "180+2"]
[Date "2023.04.11"]
[WhiteClock "0:00:35"]
[BlackClock "0:00:17"]

1. e4 c6 2. d4 d5 3. Nc3 dxe4 4. Nxe4 Nd7 5. Nf3 Ngf6 6. Bd3 Nxe4 7. Bxe4 Nf6 8. Bd3 Bg4 9. c3 e6 10. h3 Bh5 11. Bg5 Be7 12. Qe2 O-O 13. g4 Bg6 14. Bxf6 Bxf6 15. Bxg6 hxg6 16. h4 Re8 17. h5 gxh5 18. Rxh5 e5 19. dxe5 Qd5 20. Kf1 g6 21. Rh3 Bxe5 22. Rd1 Qe6 23. Nxe5 Qxe5 24. Qxe5 Rxe5 25. Rd7 b6 26. Rf3 f5 27. gxf5 Rxf5 28. Rxf5 gxf5 29. Kg2 Re8 30. Rxa7 Re2 31. b3 b5 32. Kf3 Rc2 33. Rc7 Rxc3+ 34. Kf4 Rc2 35. f3 Rc5 36. Kg5 Kf8 37. f4 Ke8 38. Kf6 Kd8 39. Ra7 Rd5 40. a4 bxa4 41. Rxa4 Rb5 42. Rc4 Rxb3 43. Rxc6 Rb5 44. Re6 Kd7 45. Re5 Rxe5 46. Kxe5 Ke7 47. Kxf5 Kf7 48. Kg5 Kg7 49. f5 Kf7 50. f6 Kf8 51. Kg6 Kg8 52. f7+ Kf8 53. Kh7 Kxf7 1/2-1/2


[Site "https://www.chess.com"]

[Event "Titled Tuesday Blitz April 11 Late 2023"]
[White "Weisz, Bryan"]
[Black "Chemin, Justo Reinaldo"]
[WhiteFideId "30934133"]
[BlackFideId "2101580"]
[WhiteElo "1973"]
[BlackElo "1940"]
[Result "0-1"]
[Round "08"]
[TimeControl "180+2"]
[Date "2023.04.11"]
[WhiteClock "0:00:05"]
[BlackClock "0:00:56"]

1. e4 e6 2. Nf3 d5 3. d3 dxe4 4. dxe4 Qxd1+ 5. Kxd1 Bc5 6. Ke1 Nf6 7. Nfd2 Ng4 8. Be2 Bxf2+ 9. Kf1 Ne3+ 10. Kxf2 Nxc2 11. b3 Nxa1 12. Na3 O-O 13. Bb2 Rd8 14. Nf3 Nxb3 15. axb3 c6 16. Nc4 b5 17. Na5 a6 18. Rc1 Bd7 19. Ne5 Be8 20. Naxc6 Nxc6 21. Nxc6 Bxc6 22. Rxc6 Rdc8 23. Rxc8+ Rxc8 24. Ke3 Rc2 25. Ba3 Rc3+ 26. Kd2 Rxb3 27. Bc5 Rb2+ 28. Ke3 a5 29. Bd4 Rb3+ 30. Kd2 a4 31. Kc2 Rb4 32. Kc3 Rb3+ 33. Kc2 Rb4 34. Kc3 Rb1 35. Kc2 Rb3 36. Bb2 Re3 37. Bxb5 Rxe4 38. Bc3 a3 39. Kb3 Re3 40. Bc4 a2 41. Kxa2 Rxc3 0-1


[Site "https://www.chess.com"]

[Event "Titled Tuesday Blitz April 11 Late 2023"]
[White "Bulgurlu, Okan"]
[Black "Tarnowska, Aleksandra"]
[WhiteFideId "6352316"]
[BlackFideId "1180967"]
[WhiteElo "1908"]
[BlackElo "1776"]
[Result "0-1"]
[Round "08"]
[TimeControl "180+2"]
[Date "2023.04.11"]
[WhiteClock "0:00:09"]
[BlackClock "0:00:17"]

1. e4 c5 2. Nf3 e6 3. c3 d5 4. exd5 Qxd5 5. d4 Nf6 6. Na3 a6 7. Bc4 Qd6 8. O-O Be7 9. Be3 cxd4 10. Bxd4 O-O 11. Bd3 Nc6 12. Bxf6 gxf6 13. Nc4 Qf4 14. Re1 f5 15. g3 Qh6 16. Nb6 Rb8 17. Qa4 Bc5 18. Nxc8 Rbxc8 19. Rad1 b5 20. Qxa6 b4 21. Qb5 Be7 22. Nd4 Nxd4 23. cxd4 Rfd8 24. Bxf5 Rd5 25. Qa6 Rcd8 26. Be4 Rxd4 27. Rxd4 Rxd4 28. Qc8+ Kg7 29. Qc7 Qd2 30. Re3 Bg5 31. Qe5+ Bf6 32. Qh5 Qc1+ 33. Kg2 h6 34. Qg4+ Kf8 35. Qf4 Bg5 36. Qb8+ Kg7 37. Qe5+ Bf6 38. Qf4 Qc4 39. Qg4+ Kf8 40. Qf3 Ke7 41. Qf4 Bg5 42. Qf3 Bxe3 43. Bd5 Qxd5 44. Qxd5 exd5 45. fxe3 Rd2+ 46. Kf3 Rxb2 47. h4 Rxa2 48. g4 b3 49. g5 hxg5 50. h5 b2 51. h6 b1=Q 52. h7 Rh2 53. Kg4 Rxh7 54. Kxg5 Qg1+ 0-1


[Site "https://www.chess.com"]

[Event "Titled Tuesday Blitz April 11 Late 2023"]
[White "Oliveira, Tiago Batista"]
[Black "Antonova, Nadezhda"]
[WhiteFideId "2108291"]
[BlackFideId "14700182"]
[WhiteElo "1962"]
[BlackElo "1765"]
[Result "1-0"]
[Round "08"]
[TimeControl "180+2"]
[Date "2023.04.11"]
[WhiteClock "0:00:16"]
[BlackClock "0:00:02"]

1. d4 Nf6 2. c4 g6 3. Nf3 Bg7 4. Nc3 O-O 5. e4 d6 6. Be2 e5 7. Be3 Nc6 8. d5 Ne7 9. Nd2 Nd7 10. b4 f5 11. f3 f4 12. Bf2 c6 13. Nb3 cxd5 14. cxd5 b6 15. Rc1 Nf6 16. Nb5 Bd7 17. a4 Bxb5 18. Bxb5 Rc8 19. a5 bxa5 20. Nxa5 Rxc1 21. Qxc1 Qb8 22. Qc4 Rc8 23. Nc6 Nxc6 24. dxc6+ Kh8 25. O-O Rc7 26. Rd1 Bf8 27. Ba4 Kg7 28. Bb3 Kh6 29. b5 Be7 30. Ra1 g5 31. Ra6 Bd8 32. Qd3 Be7 33. Bc4 Kg6 34. Qa3 g4 35. Rxa7 gxf3 36. Rxc7 Qxc7 37. Qxf3 1-0


[Site "https://www.chess.com"]

[Event "Titled Tuesday Blitz April 11 Late 2023"]
[White "Vargas, Mauricio"]
[Black "Stanisz, Patryk"]
[WhiteFideId "4404572"]
[BlackFideId "1123106"]
[WhiteElo "1998"]
[BlackElo "2069"]
[Result "0-1"]
[Round "08"]
[TimeControl "180+2"]
[Date "2023.04.11"]
[WhiteClock "0:00:04"]
[BlackClock "0:00:41"]

1. e4 c5 2. Nc3 Nc6 3. f4 g6 4. Nf3 Bg7 5. Bb5 Nd4 6. O-O Nxb5 7. Nxb5 a6 8. Nc3 e6 9. d3 Ne7 10. Qe1 b5 11. Ne2 Bb7 12. c3 c4 13. Qd2 Qb6+ 14. Kh1 O-O 15. Ng3 cxd3 16. Qxd3 Rad8 17. Be3 Qc7 18. f5 d5 19. fxe6 dxe4 20. exf7+ Rxf7 21. Qc2 exf3 22. gxf3 Rxf3 23. Qb3+ Bd5 24. Qxd5+ Nxd5 25. Rxf3 Nxe3 26. Rxe3 Be5 27. Rae1 Bxg3 28. Rxg3 Rd2 29. Rg2 Rxg2 30. Kxg2 Qf4 31. Re2 g5 32. Rf2 Qe4+ 33. Kf1 h5 34. Rg2 g4 35. Re2 Qh1+ 36. Kf2 Qxh2+ 37. Ke3 Qe5+ 38. Kd2 Qd5+ 0-1


[Site "https://www.chess.com"]

[Event "Titled Tuesday Blitz April 11 Late 2023"]
[White "Caruana, Fabiano"]
[Black "Hakobyan, Aram"]
[WhiteFideId "2020009"]
[BlackFideId "13306677"]
[WhiteElo "2837"]
[BlackElo "2584"]
[Result "1-0"]
[Round "09"]
[TimeControl "180+2"]
[Date "2023.04.11"]
[WhiteClock "0:00:07"]
[BlackClock "0:00:02"]

1. e4 g6 2. d4 Bg7 3. Nc3 c5 4. d5 d6 5. h3 Nf6 6. Nf3 O-O 7. a4 Na6 8. Be2 Nb4 9. O-O e6 10. dxe6 Bxe6 11. Re1 d5 12. e5 Ne4 13. Bd3 Nxc3 14. bxc3 Nc6 15. Bg5 Qc7 16. Bf4 Rfe8 17. Qd2 Rad8 18. Rab1 Rd7 19. g4 d4 20. c4 Rde7 21. Bg3 Qc8 22. Bh4 Rd7 23. Bf6 h6 24. Qf4 Qc7 25. Bxg7 Kxg7 26. Nd2 Qd8 27. Ne4 b6 28. Nf6 Rh8 29. Nxd7 Bxd7 30. Qg3 h5 31. Kg2 hxg4 32. hxg4 Qg5 33. Re4 Nd8 34. Qf4 Qxf4 35. Rxf4 Nc6 36. Re1 Be6 37. Kg3 g5 38. Rfe4 Ne7 39. R4e2 Nc6 40. Re4 Ne7 41. a5 bxa5 42. Ra1 Nc6 43. f4 gxf4+ 44. Rxf4 Rc8 45. g5 Nxe5 46. Rxa5 Rc7 47. Rh4 Bxc4 48. Be4 d3 49. cxd3 Bxd3 50. Bxd3 Nxd3 51. Re4 c4 52. Ra2 c3 53. Rc2 Rc5 54. Kg4 a5 55. Re3 Rc4+ 56. Kg3 Nb4 57. Rcxc3 Rd4 58. Ra3 Rd5 59. Kg4 Rd4+ 60. Kh5 Rd5 61. Rac3 a4 62. Rf3 Ra5 63. Rc7 Kg8 64. Rfxf7 Ra8 65. Rg7+ Kf8 66. Rh7 Kg8 67. Rcg7+ Kf8 68. Kh6 Ra6+ 69. g6 Rxg6+ 70. Kxg6 1-0


[Site "https://www.chess.com"]

[Event "Titled Tuesday Blitz April 11 Late 2023"]
[White "Vachier-Lagrave, Maxime"]
[Black "Bakalchuk, Johnatan"]
[WhiteFideId "623539"]
[BlackFideId "2810301"]
[WhiteElo "2740"]
[BlackElo "2450"]
[Result "1-0"]
[Round "09"]
[TimeControl "180+2"]
[Date "2023.04.11"]
[WhiteClock "0:01:02"]
[BlackClock "0:00:02"]

1. e4 c5 2. Nf3 g6 3. c4 Bg7 4. d4 cxd4 5. Nxd4 Nc6 6. Be3 Qb6 7. Nb5 Qa5+ 8. N5c3 Nf6 9. Nd2 O-O 10. Be2 d6 11. O-O Qd8 12. f4 Nd7 13. Nf3 Bxc3 14. bxc3 b6 15. Qe1 Nc5 16. Qh4 Nxe4 17. Bd3 Nf6 18. f5 Ne5 19. Nxe5 dxe5 20. Rad1 Qc7 21. Bg5 Bb7 22. Bxf6 exf6 23. Qxf6 Rad8 24. Qg5 e4 25. Qh6 Rfe8 26. fxg6 hxg6 27. Be2 Rxd1 28. Rxd1 Rd8 29. Rd4 Rxd4 30. cxd4 Ba6 31. Qc1 Qd6 32. Qc3 Qf4 33. g3 Qc7 34. Kf2 f5 35. Qc1 Kg7 36. h4 Qd6 37. Qc3 Kh7 38. c5 bxc5 39. dxc5 Qc6 40. Bxa6 Qxa6 41. c6 Qb6+ 42. Kg2 Qc7 43. Qc5 Kg7 44. Qd5 Kh6 45. Qd4 1-0


[Site "https://www.chess.com"]

[Event "Titled Tuesday Blitz April 11 Late 2023"]
[White "Zhigalko, Sergei"]
[Black "Paravyan, David"]
[WhiteFideId "13502956"]
[BlackFideId "4194985"]
[WhiteElo "2626"]
[BlackElo "2563"]
[Result "0-1"]
[Round "09"]
[TimeControl "180+2"]
[Date "2023.04.11"]
[WhiteClock "0:00:03"]
[BlackClock "0:00:07"]

1. e4 e5 2. Nf3 Nf6 3. d4 Nxe4 4. Bd3 d5 5. Nxe5 Nd7 6. Nxd7 Bxd7 7. O-O Bd6 8. Nc3 Nxc3 9. bxc3 h5 10. Re1+ Kf8 11. Rb1 b6 12. h3 Qf6 13. Be3 Re8 14. Qd2 Rxe3 15. Qxe3 g5 16. c4 g4 17. hxg4 hxg4 18. g3 dxc4 19. Bxc4 Rh5 20. Bf1 Bf5 21. Re2 Be6 22. c3 Bc4 23. Rd2 Qf5 24. Re1 Bxf1 25. Kxf1 Rh1+ 26. Kg2 Rh3 27. Rh1 Qd5+ 28. f3 gxf3+ 29. Kg1 Rxh1+ 30. Kxh1 f2+ 31. Kh2 f1=Q 0-1


[Site "https://www.chess.com"]

[Event "Titled Tuesday Blitz April 11 Late 2023"]
[White "Nakamura, Hikaru"]
[Black "Terry, Renato"]
[WhiteFideId "2016192"]
[BlackFideId "3803457"]
[WhiteElo "2885"]
[BlackElo "2575"]
[Result "1/2-1/2"]
[Round "09"]
[TimeControl "180+2"]
[Date "2023.04.11"]
[WhiteClock "0:00:06"]
[BlackClock "0:00:05"]

1. Nf3 d5 2. e3 Nf6 3. c4 e6 4. b3 g6 5. Bb2 Bg7 6. d4 O-O 7. Nbd2 a5 8. a3 b6 9. Rc1 Bb7 10. c5 Ne4 11. Qc2 bxc5 12. dxc5 Nxd2 13. Qxd2 c6 14. h4 h6 15. h5 g5 16. Bxg7 Kxg7 17. Qc3+ Qf6 18. Ne5 Rd8 19. Rh3 Nd7 20. f4 Nxe5 21. fxe5 Qf5 22. Rf3 Qg4 23. Rd1 Ba6 24. Bxa6 Rxa6 25. Kf2 Qh4+ 26. Kg1 Qxh5 27. Rdf1 Ra7 28. Rh3 Qg4 29. Qb2 d4 30. Qf2 Qf5 31. Rf3 dxe3 32. Qxe3 Qg4 33. Qf2 Qd4 34. Re3 Rd5 35. Kh2 Kg8 36. Qg3 Rxc5 37. Rf6 Kg7 38. Qh3 Qh4 39. Qxh4 gxh4 40. Rf4 Rd7 41. Rg4+ Kf8 42. Rxh4 Rdd5 43. Rh5 Ke7 44. Re4 Kd7 45. Rf4 Ke7 46. Re4 Ke8 47. Re3 Ke7 48. Re2 Rb5 49. Rxh6 Rxe5 50. Rc2 Rec5 51. Rxc5 Rxc5 52. Rh3 Rd5 53. b4 axb4 54. axb4 Rb5 55. Rh4 f5 56. Kg3 Kd6 57. Kf3 Ke5 58. Ke3 Kd5 59. Rd4+ Ke5 60. Rc4 Kd6 61. g3 Rb7 62. Rd4+ Ke7 63. Rc4 Kd7 64. Rd4+ Kc7 65. Kf4 Rb5 66. Kg5 Re5 67. Rc4 Kd6 68. Kf4 Rd5 69. Kg5 Re5 70. Kf4 Re1 71. Rd4+ Kc7 72. Kg5 Re3 73. Kf4 Re2 74. Rc4 Kd6 75. Rd4+ Ke7 76. Rc4 Kd7 77. Rd4+ Kc7 78. Rc4 Re1 79. b5 Re4+ 80. Rxe4 fxe4 81. bxc6 Kxc6 82. Kxe4 Kd6 83. Kf4 Ke7 84. Ke5 Kf7 85. g4 Kg6 86. Kxe6 Kg5 87. Ke5 Kxg4 1/2-1/2


[Site "https://www.chess.com"]

[Event "Titled Tuesday Blitz April 11 Late 2023"]
[White "Naroditsky, Daniel"]
[Black "Hansen, Eric"]
[WhiteFideId "2026961"]
[BlackFideId "2606771"]
[WhiteElo "2633"]
[BlackElo "2561"]
[Result "1-0"]
[Round "09"]
[TimeControl "180+2"]
[Date "2023.04.11"]
[WhiteClock "0:00:27"]
[BlackClock "0:00:01"]

1. d4 Nf6 2. Nc3 d5 3. Bf4 a6 4. e3 c5 5. dxc5 Nc6 6. a3 e5 7. Bg5 d4 8. Na4 h6 9. Bh4 g5 10. Bg3 Ne4 11. exd4 Nxg3 12. hxg3 exd4 13. Bc4 Bg7 14. Qe2+ Kf8 15. O-O-O Bf5 16. Nb6 Rb8 17. Nf3 Qf6 18. Rhe1 Kg8 19. Bd3 Be6 20. Nd2 Qe7 21. Ne4 Rd8 22. Nd6 Qc7 23. Bc4 Bxc4 24. Nbxc4 Bf6 25. Qf3 Kg7 26. Nf5+ Kg6 27. Qd3 1-0


[Site "https://www.chess.com"]

[Event "Titled Tuesday Blitz April 11 Late 2023"]
[White "Sargsyan, Shant"]
[Black "Melkumyan, Hrant"]
[WhiteFideId "13306766"]
[BlackFideId "13302485"]
[WhiteElo "2628"]
[BlackElo "2604"]
[Result "0-1"]
[Round "09"]
[TimeControl "180+2"]
[Date "2023.04.11"]
[WhiteClock "0:00:04"]
[BlackClock "0:00:26"]

1. c4 e6 2. Nf3 d5 3. d4 Nf6 4. cxd5 exd5 5. Nc3 c6 6. Bf4 Bf5 7. e3 Be7 8. h3 Ne4 9. Bd3 Nd7 10. Qc2 Nxc3 11. Bxf5 Nb5 12. Bxh7 g6 13. Bxg6 Qa5+ 14. Kf1 fxg6 15. Qxg6+ Kd8 16. Ne5 Nxe5 17. Bxe5 Rf8 18. Bg7 Kd7 19. Qg4+ Kc7 20. Bxf8 Rxf8 21. h4 Nd6 22. Kg1 Qd2 23. Rf1 Ne4 24. Rh3 Nxf2 25. Qg3+ Bd6 26. Qg7+ Kb6 27. Rg3 Bxg3 28. Qxf8 Ne4 29. Qf3 Bxh4 30. a4 Bg5 31. Kh2 Bxe3 32. a5+ Ka6 33. Ra1 Bf4+ 34. Kh1 Ng3+ 35. Kg1 Qxd4+ 36. Kh2 Ne2+ 37. Kh3 Qh8+ 38. Kg4 Qg7+ 39. Kh3 Qh6+ 40. Kg4 Qg5+ 41. Kh3 Qf5+ 42. g4 Qh7+ 43. Kg2 Qh2+ 44. Kf1 Ng3+ 45. Ke1 Qd2# 0-1


[Site "https://www.chess.com"]

[Event "Titled Tuesday Blitz April 11 Late 2023"]
[White "Durarbayli, Vasif"]
[Black "Grigoriants, Sergey"]
[WhiteFideId "13402935"]
[BlackFideId "4130804"]
[WhiteElo "2551"]
[BlackElo "2502"]
[Result "0-1"]
[Round "09"]
[TimeControl "180+2"]
[Date "2023.04.11"]
[WhiteClock "0:00:01"]
[BlackClock "0:00:03"]

1. e4 e5 2. Nf3 Nc6 3. Bb5 a6 4. Ba4 Nf6 5. O-O b5 6. Bb3 Bc5 7. c3 d6 8. d4 Bb6 9. Be3 O-O 10. Nbd2 h6 11. Qe2 Re8 12. dxe5 dxe5 13. Rfd1 Bxe3 14. Qxe3 Qe7 15. Nf1 Na5 16. Ng3 Kh7 17. h3 g6 18. Rd2 Bb7 19. Rad1 Bc6 20. h4 Nb7 21. h5 a5 22. hxg6+ fxg6 23. Nh2 Kg7 24. Bd5 Bxd5 25. exd5 Qc5 26. Qf3 Nd6 27. Ng4 Rf8 28. Nxf6 Rxf6 29. Qg4 Kh7 30. Re1 Raf8 31. Kh2 Rf4 32. Qe6 Rxf2 33. Rxf2 Qxf2 34. Rxe5 Rf7 35. Re2 Qf4 36. Qh3 a4 37. Kh1 Qc1+ 38. Kh2 Qf4 39. Kh1 h5 40. Re1 Qg5 41. Qe6 Qxg3 0-1


[Site "https://www.chess.com"]

[Event "Titled Tuesday Blitz April 11 Late 2023"]
[White "Mammadov, Zaur"]
[Black "Eljanov, Pavel"]
[WhiteFideId "13401033"]
[BlackFideId "14102951"]
[WhiteElo "2441"]
[BlackElo "2598"]
[Result "1-0"]
[Round "09"]
[TimeControl "180+2"]
[Date "2023.04.11"]
[WhiteClock "0:00:11"]
[BlackClock "0:00:14"]

1. e4 c6 2. c4 d5 3. cxd5 cxd5 4. exd5 Nf6 5. Nc3 g6 6. Bc4 Bg7 7. d3 O-O 8. Nf3 a6 9. a4 b6 10. O-O Bb7 11. Qb3 Nbd7 12. Be3 Rc8 13. Rfe1 Nc5 14. Qa2 Ne8 15. Rad1 Nd6 16. Qa3 Qd7 17. h3 Rc7 18. Ba2 Rfc8 19. Bf4 a5 20. Bxd6 exd6 21. Nb5 Nxa4 22. Qxa4 Ba6 23. Nc3 Qxa4 24. Nxa4 b5 25. Nc3 b4 26. Ne4 Bxb2 27. Nxd6 Rb8 28. Bc4 Rd8 29. Bxa6 Rxd6 30. Bc4 a4 31. Re8+ Kg7 32. Ra8 a3 33. Nd2 Rdd7 34. g3 Ra7 35. Rxa7 Rxa7 36. Ba2 Rc7 37. Nc4 Bc3 38. d6 Rb7 39. Bb3 Kf6 40. Kg2 Ra7 41. Ba2 Rb7 42. Rb1 Rb8 43. f4 Ke6 44. Kf3 Kd7 45. Ke2 Re8+ 46. Kf3 f6 47. g4 Rb8 48. g5 fxg5 49. fxg5 Re8 50. h4 Rf8+ 51. Ke4 Rf2 52. Bb3 a2 53. Bxa2 Rxa2 54. Rf1 Ke6 55. Rf8 Re2+ 56. Kf3 Rh2 57. Re8+ Kd7 58. Re7+ Kd8 59. Na5 Rh3+ 60. Kg4 1-0


[Site "https://www.chess.com"]

[Event "Titled Tuesday Blitz April 11 Late 2023"]
[White "Lazavik, Denis"]
[Black "Kovalev, Vladislav"]
[WhiteFideId "13515110"]
[BlackFideId "13504398"]
[WhiteElo "2560"]
[BlackElo "2555"]
[Result "1-0"]
[Round "09"]
[TimeControl "180+2"]
[Date "2023.04.11"]
[WhiteClock "0:00:26"]
[BlackClock "0:00:04"]

1. d4 Nf6 2. c4 e6 3. Nf3 d5 4. g3 h6 5. Bg2 Bd6 6. O-O O-O 7. b3 b6 8. Bb2 Bb7 9. Nc3 Nbd7 10. Rc1 a6 11. cxd5 exd5 12. Qc2 Re8 13. Nh4 Rc8 14. Rfd1 Bf8 15. e3 g6 16. Nf3 Bd6 17. Ne2 Ne4 18. Nf4 Qe7 19. Nd3 f6 20. Nf4 g5 21. Nd3 Nf8 22. Nfe1 g4 23. Qe2 h5 24. Nf4 Bxf4 25. exf4 Qh7 26. Qd3 Ne6 27. Nc2 Ng7 28. Re1 Nf5 29. Nb4 Nfd6 30. Nxa6 c6 31. Nb4 h4 32. Nc2 f5 33. Ne3 Kf7 34. Ba3 Rh8 35. Nf1 hxg3 36. fxg3 Qg6 37. Bxd6 Qxd6 38. a4 Rh6 39. Rb1 Re8 40. b4 Ra8 41. a5 b5 42. Ne3 Kg6 43. Bxe4 dxe4 44. Qc3 Rah8 45. Rb2 Kg7 46. d5+ Kf7 47. Nxf5 Qxd5 48. Qg7+ Ke6 49. Nxh6 Rh7 50. Qxh7 Qd4+ 51. Rf2 1-0


[Site "https://www.chess.com"]

[Event "Titled Tuesday Blitz April 11 Late 2023"]
[White "Vakhlamov, Igor L."]
[Black "Andreikin, Dmitry"]
[WhiteFideId "24126748"]
[BlackFideId "4158814"]
[WhiteElo "2400"]
[BlackElo "2736"]
[Result "1-0"]
[Round "09"]
[TimeControl "180+2"]
[Date "2023.04.11"]
[WhiteClock "0:00:41"]
[BlackClock "0:00:48"]

1. e4 c5 2. Nf3 e6 3. Nc3 a6 4. d4 cxd4 5. Nxd4 Nc6 6. Nxc6 bxc6 7. Qf3 d5 8. Be2 Nf6 9. Qg3 d4 10. e5 dxc3 11. exf6 Qxf6 12. bxc3 Bd6 13. Qxd6 Qxc3+ 14. Kd1 Bb7 15. Rb1 Rd8 16. Qxd8+ Kxd8 17. Rxb7 Kc8 18. Rb3 Rd8+ 19. Bd3 Qe5 20. Re1 Qh5+ 21. Re2 Qxh2 22. f3 e5 23. Bd2 Qg1+ 24. Re1 Qxg2 25. Bxa6+ Kd7 26. Rd3+ Ke7 27. Bb4+ Kf6 28. Rxd8 Qxf3+ 29. Be2 Qe4 30. Rf1+ Ke6 31. Rd6+ Ke7 32. Rd4+ 1-0


[Site "https://www.chess.com"]

[Event "Titled Tuesday Blitz April 11 Late 2023"]
[White "Sarana, Alexey"]
[Black "Baskakov, Egor"]
[WhiteFideId "24133795"]
[BlackFideId "24197866"]
[WhiteElo "2714"]
[BlackElo "2212"]
[Result "1-0"]
[Round "09"]
[TimeControl "180+2"]
[Date "2023.04.11"]
[WhiteClock "0:00:16"]
[BlackClock "0:01:15"]

1. c4 Nf6 2. Nc3 e6 3. e4 e5 4. Nf3 Nc6 5. Be2 Be7 6. O-O O-O 7. d4 exd4 8. Nxd4 d6 9. Be3 Be6 10. f3 Re8 11. Qd2 Bf8 12. Nd5 Nxd4 13. Bxd4 Nd7 14. Rad1 c6 15. Nf4 Ne5 16. Nxe6 fxe6 17. c5 Nf7 18. cxd6 Bxd6 19. Qc3 Qh4 20. f4 e5 21. fxe5 Bxe5 22. g3 Bxd4+ 23. Rxd4 Qg5 24. Bc4 Re7 25. Rxf7 Rxf7 26. Rd7 Rf8 27. Rxb7 Qc5+ 28. Kh1 Qf2 29. Bxf7+ Rxf7 30. Rb8+ Rf8 31. Qc4+ Kh8 32. Rxf8+ Qxf8 33. Kg2 Qf6 34. Qc3 Qe6 35. Qd4 h6 36. b3 a5 37. h4 Qg4 38. Qd8+ Kh7 39. Qd3 Kh8 40. Qf3 Qd7 41. Qf8+ Kh7 42. Qf5+ 1-0


[Site "https://www.chess.com"]

[Event "Titled Tuesday Blitz April 11 Late 2023"]
[White "Riehle, Marco"]
[Black "Deac, Bogdan-Daniel"]
[WhiteFideId "12904392"]
[BlackFideId "1226380"]
[WhiteElo "2462"]
[BlackElo "2649"]
[Result "0-1"]
[Round "09"]
[TimeControl "180+2"]
[Date "2023.04.11"]
[WhiteClock "0:00:02"]
[BlackClock "0:00:04"]

1. e4 c6 2. c4 d5 3. cxd5 cxd5 4. exd5 Nf6 5. Nc3 Nxd5 6. Nf3 e6 7. d4 Bb4 8. Bd2 Bd7 9. Bd3 Bc6 10. O-O Nd7 11. Rc1 Be7 12. Bb1 O-O 13. Qc2 g6 14. Bh6 Re8 15. Rfd1 Rc8 16. Ne5 N7f6 17. Qd3 Nxc3 18. bxc3 Be4 19. Qh3 b5 20. Re1 Bxb1 21. Rxb1 Qd5 22. Bg5 Nd7 23. Bxe7 Rxe7 24. Ng4 h5 25. Ne3 Qxa2 26. Rxb5 Qd2 27. Rbb1 Nb6 28. d5 Qxc3 29. dxe6 Rxe6 30. Qf3 Rce8 31. h3 Qe5 32. Rec1 R6e7 33. Rb4 Rd7 34. Rf4 Qe6 35. Rf6 Qe7 36. Rcc6 Qe5 37. g3 Red8 38. Kg2 Kg7 39. h4 Re7 40. Rf4 Rde8 41. Kh2 Rd8 42. Rff6 Rdd7 43. Rf4 Qa1 44. Rff6 Qe5 45. Rf4 Re8 46. Rff6 Qe4 47. Qe2 Nd5 48. Qb2 Nxf6 49. Qxf6+ Kg8 50. Ra6 Qe5 51. Qf3 Qe7 52. Nd5 Rxd5 53. Qxd5 Qc7 54. Rxg6+ Kf8 55. Rf6 Re2 56. Rf4 Re5 57. Qd4 Qe7 58. Qb4 a5 59. Qb8+ Kg7 60. Qc8 a4 61. Qc3 f6 62. Rxa4 Rf5 63. Ra2 Qd7 64. Qe3 Qd5 65. Ra7+ Kg6 66. Qe7 Rxf2+ 67. Kh3 Qg2# 0-1


[Site "https://www.chess.com"]

[Event "Titled Tuesday Blitz April 11 Late 2023"]
[White "Karthikeyan, Murali"]
[Black "Martinez Alcantara, Jose Eduardo"]
[WhiteFideId "5074452"]
[BlackFideId "3805662"]
[WhiteElo "2523"]
[BlackElo "2711"]
[Result "0-1"]
[Round "09"]
[TimeControl "180+2"]
[Date "2023.04.11"]
[WhiteClock "0:00:02"]
[BlackClock "0:00:25"]

1. e4 Nc6 2. Nf3 d6 3. d4 Nf6 4. Nc3 g6 5. h3 Bg7 6. Be3 a6 7. Qd2 b5 8. Bd3 Bb7 9. Ne2 e5 10. O-O-O O-O 11. d5 Ne7 12. Bh6 c6 13. Bxg7 Kxg7 14. dxc6 Bxc6 15. Ng3 Qc7 16. h4 h5 17. Ng5 Rad8 18. f4 d5 19. Qc3 d4 20. Qc5 exf4 21. Ne2 Rc8 22. Nxd4 Kg8 23. Rhf1 Ng4 24. Rd2 Rfe8 25. Nxf7 Kxf7 26. Qg5 Ng8 27. Rxf4+ Kg7 28. e5 Nxe5 29. Nf5+ Kh7 30. g4 Nxd3+ 31. Rxd3 Be4 0-1


[Site "https://www.chess.com"]